[Event "Titled Tuesday Blitz March 21 Late 2023"]
[White "Sivakumar, Shaaketh"]
[Black "Torres Dominguez, David"]
[WhiteFideId "30940176"]
[BlackFideId "2220857"]
[WhiteElo "2174"]
[BlackElo "1999"]
[Result "0-1"]
[Round "07"]
[TimeControl "180+2"]
[Date "2023.03.21"]
[WhiteClock "0:00:44"]
[BlackClock "0:00:46"]

1. e4 Nc6 2. d4 e5 3. d5 Nce7 4. Nf3 Ng6 5. c4 Bc5 6. a3 a5 7. Nc3 Nf6 8. Na4 Ba7 9. Bd3 d6 10. b4 Bd7 11. h3 O-O 12. O-O Nh5 13. Re1 Nhf4 14. Bf1 Nh4 15. Nxh4 Qxh4 16. Ra2 axb4 17. axb4 Bxa4 18. Qf3 Bd7 19. g3 Nxh3+ 20. Kg2 Qf6 21. Qh5 Bxf2 22. Rxa8 Rxa8 23. Re2 Bd4 24. Rc2 Ra1 25. Bd3 Rxc1 26. Rxc1 Qf2+ 27. Kh1 Qxg3 28. Rc2 Bg4 29. Qg5 Qg1# 0-1


[Site "https://www.chess.com"]

[Event "Titled Tuesday Blitz March 21 Late 2023"]
[White "Makhnev, Denis"]
[Black "Tworuszka, Michal"]
[WhiteFideId "13707647"]
[BlackFideId "1117858"]
[WhiteElo "2525"]
[BlackElo "2456"]
[Result "1-0"]
[Round "07"]
[TimeControl "180+2"]
[Date "2023.03.21"]
[WhiteClock "0:02:01"]
[BlackClock "0:00:56"]

1. d4 Nf6 2. Nc3 d5 3. Bf4 c5 4. e3 cxd4 5. exd4 a6 6. Nf3 Nc6 7. Ne5 Bf5 8. Nxc6 bxc6 9. Bd3 Bg6 10. O-O e6 11. Na4 Bd6 12. Qf3 O-O 13. Rac1 Ne4 14. Rfe1 Qf6 15. Be3 Qxf3 16. gxf3 Nf6 17. Bf1 Nd7 18. c4 e5 19. cxd5 cxd5 20. Rc6 Bb4 21. Rd1 a5 22. a3 Nb8 23. Rcc1 exd4 24. Bxd4 Bd6 25. Nb6 Ra7 26. Nc8 Rd7 27. Nxd6 Rxd6 28. Bc5 Rdd8 29. Bxf8 Kxf8 30. Rc5 d4 31. Bd3 1-0


[Site "https://www.chess.com"]

[Event "Titled Tuesday Blitz March 21 Late 2023"]
[White "Golubev, Mikhail"]
[Black "Narayanan.S.L"]
[WhiteFideId "14100983"]
[BlackFideId "5058422"]
[WhiteElo "2374"]
[BlackElo "2547"]
[Result "0-1"]
[Round "07"]
[TimeControl "180+2"]
[Date "2023.03.21"]
[WhiteClock "0:00:03"]
[BlackClock "0:00:29"]

1. e4 c6 2. d4 d5 3. Nc3 dxe4 4. Nxe4 Bf5 5. Ng3 Bg6 6. c3 Nd7 7. Nh3 e6 8. Nf4 Bd6 9. h4 Bxf4 10. Bxf4 h6 11. h5 Bh7 12. Be2 Ngf6 13. O-O O-O 14. Qb3 Nd5 15. Bd6 Re8 16. c4 N7f6 17. Be5 Nb6 18. c5 Nbd7 19. Qxb7 Nxe5 20. dxe5 Nd5 21. Qxc6 Rb8 22. Bf3 Nb4 23. Qa4 Qc7 24. c6 Qxe5 25. Qxa7 Nd3 26. Qe3 Qxb2 27. Be4 Bxe4 28. Nxe4 Ne5 29. c7 Ra8 30. Nd6 Ng4 31. Qg3 f5 32. Nxe8 Rxe8 33. Rad1 Qf6 34. Rfe1 e5 35. Qb3+ Kh7 36. f3 e4 37. fxg4 fxg4 38. Rd8 e3 39. Rxe3 g3 0-1


[Site "https://www.chess.com"]

[Event "Titled Tuesday Blitz March 21 Late 2023"]
[White "Costachi, Mihnea"]
[Black "Kashefi, Amir Hosein"]
[WhiteFideId "1217518"]
[BlackFideId "12557935"]
[WhiteElo "2456"]
[BlackElo "2078"]
[Result "1-0"]
[Round "07"]
[TimeControl "180+2"]
[Date "2023.03.21"]
[WhiteClock "0:00:57"]
[BlackClock "0:00:02"]

1. Nc3 d5 2. d4 c6 3. Bf4 Nf6 4. e3 Bf5 5. Nf3 e6 6. Ne5 Nbd7 7. g4 Bg6 8. h4 Nxe5 9. dxe5 d4 10. Qxd4 Qxd4 11. exd4 Nxg4 12. Be2 h5 13. Bxg4 hxg4 14. O-O-O Bb4 15. Bg3 Bxc3 16. bxc3 b5 17. Kd2 Be4 18. Rhe1 Bd5 19. a4 a6 20. Ra1 Kd7 21. Ke3 Kc7 22. Kf4 Bf3 23. Reb1 Kd7 24. c4 Be2 25. cxb5 axb5 26. Re1 Bf3 27. axb5 cxb5 28. Reb1 Kc6 29. Ke3 Ra4 30. Rc1 Rha8 31. Rab1 Rc4 32. Rb3 Ra2 33. c3 Re2+ 34. Kf4 f6 35. exf6 gxf6 36. Bh2 Rxf2 37. Bg1 Re2 38. h5 e5+ 39. Kf5 exd4 40. Bxd4 Be4+ 41. Kxg4 Rd2 42. Rf1 f5+ 43. Kg5 Rg2+ 44. Kf6 Kd5 45. Rxb5+ Kd6 46. Be5+ Kc6 47. Rb8 Rg4 48. Rf2 1-0


[Site "https://www.chess.com"]

[Event "Titled Tuesday Blitz March 21 Late 2023"]
[White "Mahdavi, Reza"]
[Black "Shapiro, Viktor"]
[WhiteFideId "12595926"]
[BlackFideId "4175700"]
[WhiteElo "2208"]
[BlackElo "2152"]
[Result "1-0"]
[Round "07"]
[TimeControl "180+2"]
[Date "2023.03.21"]
[WhiteClock "0:01:06"]
[BlackClock "0:00:02"]

1. Nf3 Nf6 2. g3 c5 3. Bg2 Nc6 4. O-O g6 5. c4 Bg7 6. Nc3 d6 7. d4 cxd4 8. Nxd4 Bd7 9. b3 a6 10. Bb2 Rc8 11. Nc2 O-O 12. Qd2 Qa5 13. Rfd1 Rfd8 14. e4 b5 15. Ne3 Ne5 16. f4 Neg4 17. Ned5 Kf8 18. b4 Nxd5 19. Nxd5 Qa4 20. Bxg7+ Kxg7 21. Qb2+ f6 22. Nb6 bxc4 23. Nxa4 Bxa4 24. Rdc1 e5 25. Bh3 h5 26. Bxg4 hxg4 27. Qd2 d5 28. fxe5 fxe5 29. exd5 Rd6 30. Qe3 Rxd5 31. Rf1 c3 32. Qa7+ Kh6 33. Rf7 1-0


[Site "https://www.chess.com"]

[Event "Titled Tuesday Blitz March 21 Late 2023"]
[White "Kubatko, Ivan"]
[Black "Aldokhin, Ivan"]
[WhiteFideId "24111473"]
[BlackFideId "24115720"]
[WhiteElo "2285"]
[BlackElo "2322"]
[Result "0-1"]
[Round "07"]
[TimeControl "180+2"]
[Date "2023.03.21"]
[WhiteClock "0:00:08"]
[BlackClock "0:00:36"]

1. e4 c5 2. Nc3 e6 3. f4 Nc6 4. Nf3 d5 5. Bb5 d4 6. Bxc6+ bxc6 7. Nb1 f5 8. e5 d3 9. c4 Be7 10. b3 Nh6 11. Bb2 Nf7 12. h4 O-O 13. Nc3 a5 14. Na4 Qc7 15. Ba3 Qa7 16. O-O h6 17. h5 Bd7 18. Qe1 Nd8 19. Qf2 Nb7 20. Nh4 Bxh4 21. Qxh4 Rf7 22. Qf2 Be8 23. Nxc5 Nxc5 24. Bxc5 Qb7 25. Qf3 Rd7 26. g4 fxg4 27. Qxg4 Rf7 28. Kh2 Rf5 29. Rg1 Bxh5 30. Qg3 Qf7 31. Raf1 Be2 32. Rf2 a4 33. b4 Rh5+ 34. Kg2 Qf5 0-1


[Site "https://www.chess.com"]

[Event "Titled Tuesday Blitz March 21 Late 2023"]
[White "Kokoszczynski, Jan"]
[Black "Gadimbayli, Abdulla"]
[WhiteFideId "1174460"]
[BlackFideId "13404938"]
[WhiteElo "2139"]
[BlackElo "2390"]
[Result "0-1"]
[Round "07"]
[TimeControl "180+2"]
[Date "2023.03.21"]
[WhiteClock "0:00:02"]
[BlackClock "0:00:13"]

1. d4 Nf6 2. c4 Nc6 3. Nf3 e6 4. g3 d6 5. Bg2 g6 6. O-O Bg7 7. Nc3 O-O 8. e4 Re8 9. h3 e5 10. d5 Nd4 11. Be3 Nxf3+ 12. Qxf3 a5 13. c5 b6 14. cxb6 cxb6 15. Rfc1 Ba6 16. Bf1 Bxf1 17. Kxf1 Rc8 18. Kg2 Qd7 19. a4 Rc4 20. Bxb6 Rb8 21. Bxa5 Rxb2 22. Nd1 Rxc1 23. Rxc1 Rb8 24. Rc4 h5 25. Nc3 Qa7 26. Bb4 Qa6 27. Qd3 Rxb4 28. Nb5 Rxc4 29. Qxc4 Bf8 30. h4 Nd7 31. Qc6 Nc5 32. Qe8 Qxa4 33. Qb8 Qxe4+ 34. Kg1 Qxd5 35. Nc7 Qd1+ 36. Kg2 Qb3 37. Qa8 Qb7+ 38. Qxb7 Nxb7 39. Nd5 Kg7 0-1


[Site "https://www.chess.com"]

[Event "Titled Tuesday Blitz March 21 Late 2023"]
[White "Stelmaszyk, Nico"]
[Black "Martinez Reyes, Pedro Ramon"]
[WhiteFideId "16200462"]
[BlackFideId "3901807"]
[WhiteElo "2255"]
[BlackElo "2340"]
[Result "0-1"]
[Round "07"]
[TimeControl "180+2"]
[Date "2023.03.21"]
[WhiteClock "0:00:04"]
[BlackClock "0:02:23"]

1. e4 c6 2. Nf3 d5 3. d3 dxe4 4. dxe4 Qxd1+ 5. Kxd1 Bg4 6. Nd2 Bc8 7. Nb1 Bg4 8. Nd2 Nd7 9. h3 Bxf3+ 10. Nxf3 g6 11. c3 O-O-O 12. Kc2 Bh6 13. Bc4 Bxc1 14. Raxc1 e6 15. Rcd1 h6 16. Rd2 Ne7 17. Rhd1 Kc7 18. a4 g5 19. Be2 Ng6 20. g3 Nf6 21. Rxd8 Rxd8 22. Rxd8 Kxd8 23. Nd2 h5 24. Bd3 h4 25. Nf3 hxg3 26. fxg3 g4 27. hxg4 Nxg4 28. a5 N6e5 29. Nd2 Ne3+ 30. Kb3 Nxd3 31. a6 Nc5+ 32. Kb4 Nxa6+ 33. Ka5 Nc5 34. b4 b6# 0-1


[Site "https://www.chess.com"]

[Event "Titled Tuesday Blitz March 21 Late 2023"]
[White "Jaferian, Koosha"]
[Black "JackRodgers"]
[WhiteFideId "12507440"]
[WhiteElo "2107"]
[BlackElo "2483"]
[Result "0-1"]
[Round "07"]
[TimeControl "180+2"]
[Date "2023.03.21"]
[WhiteClock "0:00:01"]
[BlackClock "0:00:04"]

1. d4 Nf6 2. Bg5 c5 3. d5 Ne4 4. h4 h6 5. Bf4 e6 6. f3 Bd6 7. e3 Bxf4 8. exf4 Ng3 9. Rh3 Nxf1 10. Kxf1 Qf6 11. Nc3 O-O 12. g4 Qxf4 13. Nge2 Qc4 14. g5 h5 15. Kg2 exd5 16. Nxd5 Nc6 17. b3 Qa6 18. Nc7 Qa5 19. Nxa8 d5 20. Rg3 Be6 21. Nf4 Rxa8 22. g6 Nd4 23. Nxh5 Nf5 24. gxf7+ Bxf7 25. Nf6+ Kf8 26. Nd7+ Ke7 27. Qe2+ Kxd7 28. Rg5 Re8 29. Qf2 g6 30. h5 Qd8 31. f4 d4 32. hxg6 Bd5+ 33. Kg1 Rh8 34. Kf1 Qe7 35. Re1 Ne3+ 36. Ke2 Kc6 37. Kd2 c4 38. Kc1 c3 0-1


[Site "https://www.chess.com"]

[Event "Titled Tuesday Blitz March 21 Late 2023"]
[White "Bruedigam, Martin"]
[Black "Bitoon, Richard"]
[WhiteFideId "24608033"]
[BlackFideId "5201110"]
[WhiteElo "2331"]
[BlackElo "2374"]
[Result "1-0"]
[Round "07"]
[TimeControl "180+2"]
[Date "2023.03.21"]
[WhiteClock "0:00:04"]
[BlackClock "0:00:05"]

1. d4 Nf6 2. c4 g6 3. f3 Bg7 4. e4 O-O 5. Nc3 d6 6. Nge2 Na6 7. Be3 c5 8. d5 e6 9. Ng3 exd5 10. cxd5 Nc7 11. a4 Re8 12. Be2 h5 13. O-O h4 14. Nh1 a6 15. Qd2 Rb8 16. a5 b5 17. axb6 Rxb6 18. Nf2 h3 19. g4 Nb5 20. Nxb5 axb5 21. b4 Nd7 22. Ra8 Qc7 23. Nxh3 Qb7 24. Ra3 f5 25. Nf2 Ra6 26. Rxa6 Qxa6 27. bxc5 dxc5 28. gxf5 gxf5 29. Kh1 c4 30. Rg1 Kf8 31. Qb4+ Re7 32. Rxg7 Qa1+ 33. Rg1 Qh8 34. Bg5 Nf6 35. e5 Nxd5 36. Bxe7+ Nxe7 37. Qxb5 Qh4 38. Rg2 Qd4 39. Qxc4 Qxe5 40. Nd3 Qa1+ 41. Rg1 Qa8 42. Nf4 Bb7 43. Ne6+ Kf7 44. Nc7+ Bd5 45. Nxa8 Bxc4 46. Bxc4+ Kf6 47. f4 Nc8 48. Nc7 Nd6 49. Nd5+ Kf7 50. Bb3 Ne4 51. Rg3 Kf8 52. Kg2 Nc5 53. Kf2 Ne4+ 54. Ke2 Nc5 55. Kd2 Ne4+ 56. Kd3 Nc5+ 57. Kd4 Nd7 58. Bc4 Kf7 59. Ne3+ Kf6 60. Rg5 Nb8 61. Rxf5+ Kg7 62. Bd5 Nd7 63. Rf7+ Kh8 64. Nf5 Nb6 65. Nh4 Kg8 66. Rb7+ Nxd5 67. Kxd5 1-0


[Site "https://www.chess.com"]

[Event "Titled Tuesday Blitz March 21 Late 2023"]
[White "Herrera Reyes, Jose Antonio"]
[Black "Becerra, Juan David"]
[WhiteFideId "2274914"]
[BlackFideId "4404998"]
[WhiteElo "2273"]
[BlackElo "2282"]
[Result "1-0"]
[Round "07"]
[TimeControl "180+2"]
[Date "2023.03.21"]
[WhiteClock "0:00:13"]
[BlackClock "0:00:04"]

1. Nf3 d5 2. g3 Bg4 3. Bg2 Nd7 4. O-O Ngf6 5. d3 e6 6. c3 Be7 7. b4 a5 8. b5 O-O 9. a4 c5 10. Nbd2 Rc8 11. Ba3 b6 12. Qc2 Qc7 13. Rfe1 Rfe8 14. e4 Bd6 15. Bb2 c4 16. d4 dxe4 17. Nxe4 Nxe4 18. Qxe4 Nf6 19. Qc2 Bf5 20. Qc1 Be4 21. Qg5 Qb7 22. Nh4 Bxg2 23. Nxg2 h6 24. Qd2 Qf3 25. Re3 Qg4 26. Rae1 Qh3 27. f3 Qf5 28. Qc1 Nd5 29. Nh4 Qh3 30. Re4 Bxg3 31. hxg3 Qxg3+ 32. Ng2 Qxf3 33. Qd1 Qxd1 34. Rxd1 g5 35. Rde1 Kg7 36. Ne3 Nf4 37. Rf1 Nd3 38. Ba3 f5 39. Re5 Nxe5 40. dxe5 Kf7 41. Bd6 Red8 42. Kf2 Kg6 43. Kf3 Rd7 44. Rd1 f4 45. Ng4 Rc5 46. Ke4 Rd8 47. Rd4 Rd5 48. Rxd5 exd5+ 49. Kxd5 h5 50. Nf2 Kf5 51. Kc6 g4 52. Kxb6 Re8 53. Kc6 f3 54. Kd7 Re6 55. b6 g3 56. Nh3 f2 57. b7 f1=Q 58. b8=Q Qxh3 59. Qf8+ Ke4 60. Kc6 Kd3 61. Qf3+ Kc2 62. Qe2+ Kb3 63. Kd5 Qg4 64. Qd1+ Kb2 65. Qd2+ Kb3 66. Qc1 Re8 67. Qa3+ Kc2 68. Qa2+ Kd3 69. Qb1+ Ke3 70. Bc5+ Kf3 71. Qf1# 1-0


[Site "https://www.chess.com"]

[Event "Titled Tuesday Blitz March 21 Late 2023"]
[White "Guliev, Logman"]
[Black "Sai Krishna G V"]
[WhiteFideId "13400061"]
[BlackFideId "5028280"]
[WhiteElo "2161"]
[BlackElo "2359"]
[Result "0-1"]
[Round "07"]
[TimeControl "180+2"]
[Date "2023.03.21"]
[WhiteClock "0:01:07"]
[BlackClock "0:01:05"]

1. e4 c5 2. Nf3 d6 3. d4 cxd4 4. Nxd4 Nf6 5. Nc3 Nc6 6. Bg5 Bd7 7. Qd2 Rc8 8. O-O-O Qa5 9. Bxf6 gxf6 10. Kb1 Ne5 11. f4 Nc4 12. Bxc4 Rxc4 13. Rhe1 Bh6 14. g3 Bg4 15. Rc1 Bd7 16. Qd3 Qc5 17. Nf5 Bf8 18. Nd5 Ra4 19. c4 Qa5 20. Nc3 Rb4 21. e5 fxe5 22. fxe5 Be6 23. exd6 Bxf5 24. Ne4 Bg7 25. dxe7 Rxb2+ 26. Ka1 Qxa2# 0-1


[Site "https://www.chess.com"]

[Event "Titled Tuesday Blitz March 21 Late 2023"]
[White "Kurtz, Eric M"]
[Black "Gonzalez, Francisco Silva"]
[WhiteFideId "30939763"]
[BlackFideId "1512285"]
[WhiteElo "2625"]
[BlackElo "2074"]
[Result "1-0"]
[Round "07"]
[TimeControl "180+2"]
[Date "2023.03.21"]
[WhiteClock "0:00:52"]
[BlackClock "0:01:04"]

1. Nf3 d5 2. c4 e6 3. g3 a6 4. b3 c5 5. Bb2 d4 6. Bg2 Nc6 7. e3 e5 8. exd4 exd4 9. O-O Nf6 10. d3 Be7 11. Na3 O-O 12. Nc2 a5 13. a3 h6 14. b4 axb4 15. axb4 Rxa1 16. Bxa1 b6 17. Re1 Qc7 18. b5 Nb8 19. Bb2 Bd6 20. Nd2 Bg4 21. Bf3 Bf5 22. Ne4 Nxe4 23. Bxe4 Bxe4 24. Rxe4 Nd7 25. Qf3 Nf6 26. Re1 Qd7 27. Ba3 Re8 28. Rxe8+ Qxe8 29. Nxd4 Qe1+ 30. Kg2 Bxg3 31. hxg3 Qc3 32. Bxc5 bxc5 33. Nc6 Qb3 34. Ne5 Qb2 35. Qa8+ Kh7 36. Nxf7 Kg6 37. Nd6 Qd4 38. Ne4 Qxd3 39. Nxf6 gxf6 40. Qd5 Qa3 41. b6 Qb4 42. b7 Qb6 43. Qg8+ Kf5 44. b8=Q Qc6+ 45. Qd5+ Kg4 46. Qg8# 1-0


[Site "https://www.chess.com"]

[Event "Titled Tuesday Blitz March 21 Late 2023"]
[White "aidenzhouu"]
[Black "Jessel, Stephen"]
[BlackFideId "628859"]
[WhiteElo "2456"]
[BlackElo "2268"]
[Result "1/2-1/2"]
[Round "07"]
[TimeControl "180+2"]
[Date "2023.03.21"]
[WhiteClock "0:00:11"]
[BlackClock "0:00:03"]

1. d4 a6 2. e4 e6 3. Nd2 d5 4. e5 Bd7 5. f4 Nh6 6. Ndf3 Bb5 7. Ne2 a5 8. Be3 Nd7 9. h3 Nf5 10. Bf2 h5 11. Ng3 Nxg3 12. Bxg3 Bxf1 13. Rxf1 h4 14. Bf2 c5 15. dxc5 Nxc5 16. c3 g6 17. Bxc5 Bxc5 18. Qb3 Qd7 19. a4 Ra6 20. Qb5 Be3 21. Ng5 Qxb5 22. axb5 Ra7 23. Ke2 Bb6 24. Ra4 Ke7 25. Rfa1 Rc8 26. Nf3 Rc5 27. Nd4 Rc7 28. Kd3 Ra8 29. Nb3 Rac8 30. Nxa5 Bxa5 31. Rxa5 Rc4 32. R5a4 R8c5 33. Rxc4 dxc4+ 34. Kd4 Rxb5 35. Ra2 Kd7 36. Kxc4 Kc6 37. b4 g5 38. fxg5 Rxe5 39. Rf2 Rxg5 40. Rxf7 Rxg2 41. Rh7 b5+ 42. Kb3 e5 43. Rxh4 Kd5 44. c4+ bxc4+ 45. Rxc4 e4 46. Rc5+ Kd4 47. Rc8 e3 48. Rd8+ Ke4 49. Kc3 Kf3 50. Re8 Rg1 51. b5 e2 52. Kc4 e1=Q 53. Rxe1 Rxe1 54. Kd5 Kg3 55. b6 Kxh3 56. Kc6 Rc1+ 57. Kd7 Rb1 58. Kc7 Rc1+ 59. Kd7 Rb1 60. Kc7 Rc1+ 61. Kd7 1/2-1/2


[Site "https://www.chess.com"]

[Event "Titled Tuesday Blitz March 21 Late 2023"]
[White "Cyfka, Karina"]
[Black "benny_aizenberg"]
[WhiteFideId "1122681"]
[WhiteElo "2241"]
[BlackElo "2617"]
[Result "0-1"]
[Round "07"]
[TimeControl "180+2"]
[Date "2023.03.21"]
[WhiteClock "0:00:18"]
[BlackClock "0:01:57"]

1. c4 e5 2. g3 f5 3. Bg2 Nf6 4. Nc3 Nc6 5. d3 Bc5 6. e3 d6 7. Nge2 O-O 8. O-O a5 9. d4 Ba7 10. dxe5 dxe5 11. Qxd8 Rxd8 12. b3 Nb4 13. a3 Nd3 14. Rd1 e4 15. Bd2 Ng4 16. Be1 Be6 17. h3 Nge5 18. Nb5 Bb6 19. Bc3 a4 20. c5 Bxc5 21. Nxc7 Bxb3 22. Nxa8 Rxa8 23. Rd2 Nc4 24. Rxd3 exd3 25. Nf4 d2 26. Bd5+ Kh8 27. Bxc4 d1=Q+ 28. Rxd1 Bxd1 29. Ne6 Bf8 30. h4 Bb3 31. Bxb3 axb3 32. Nd4 Rxa3 33. Kf1 Bc5 34. Ke2 b2 35. Bxb2 Ra2 36. Kd3 Rxb2 0-1


[Site "https://www.chess.com"]

[Event "Titled Tuesday Blitz March 21 Late 2023"]
[White "Ambartsumova, Karina"]
[Black "Bilan, Danila"]
[WhiteFideId "4166299"]
[BlackFideId "24161918"]
[WhiteElo "2300"]
[BlackElo "2182"]
[Result "1-0"]
[Round "07"]
[TimeControl "180+2"]
[Date "2023.03.21"]
[WhiteClock "0:00:14"]
[BlackClock "0:00:02"]

1. e4 c6 2. Ne2 d5 3. e5 Bf5 4. Ng3 Bg6 5. h4 h6 6. h5 Bh7 7. e6 Nf6 8. d4 Qd6 9. exf7+ Kxf7 10. f4 Nbd7 11. Bd3 Ne4 12. Nxe4 dxe4 13. Bc4+ e6 14. O-O Ke8 15. Bb3 Nf6 16. c4 Bf5 17. Nc3 Rd8 18. Qe1 Ng4 19. d5 Qc5+ 20. Kh1 e3 21. Rf3 Bd6 22. g3 Nf2+ 23. Kg2 Ng4 24. Bxe3 Nxe3+ 25. Rxe3 Kf7 26. dxe6+ Ke7 27. Rd1 Rhe8 28. a3 a5 29. Na4 Qa7 30. Qc3 Kf8 31. Ree1 Rxe6 32. c5 Rxe1 33. Rxe1 Be7 34. Qe5 1-0


[Site "https://www.chess.com"]

[Event "Titled Tuesday Blitz March 21 Late 2023"]
[White "Fernandez, Maria Florencia"]
[Black "Ozates, Tuna"]
[WhiteFideId "116459"]
[BlackFideId "6354521"]
[WhiteElo "2155"]
[BlackElo "2151"]
[Result "1-0"]
[Round "07"]
[TimeControl "180+2"]
[Date "2023.03.21"]
[WhiteClock "0:00:05"]
[BlackClock "0:00:10"]

1. d4 f5 2. c4 e6 3. Nc3 Nf6 4. Nf3 Be7 5. Bf4 O-O 6. e3 d6 7. h3 Qe8 8. Qb3 Nc6 9. Be2 Qg6 10. O-O-O Na5 11. Qa4 b6 12. Rdg1 Ne4 13. Nxe4 fxe4 14. Nd2 e5 15. dxe5 dxe5 16. Bg3 Rd8 17. Qc2 Bb7 18. h4 Bb4 19. Rd1 Qc6 20. Kb1 Bxd2 21. Rxd2 Rxd2 22. Qxd2 Nxc4 23. Qc3 Ba6 24. Rc1 b5 25. Bxe5 Rd8 26. Bxg7 Nd2+ 27. Ka1 Qxc3 28. Bxc3 Nc4 29. Rd1 Rf8 30. Be1 Ne5 31. Rd5 Ng6 32. h5 Nh4 33. Rg5+ Kf7 34. Rg4 Nf5 35. Rxe4 Kg7 36. Rg4+ Kh6 37. Rf4 Bc8 38. b3 Rd8 39. g4 Nd6 40. Rd4 Kg5 41. Rd5+ Kf6 42. g5+ Ke6 43. Rd4 c5 44. Rd1 a6 45. Bg4+ Ke7 46. Bxc8 Rxc8 47. Bc3 Rf8 48. Bf6+ Ke6 49. f4 Ne4 50. Be5 Kf5 51. Rd7 c4 52. bxc4 bxc4 53. Kb2 Rc8 54. Kc2 c3 55. Rxh7 Rc5 56. Rf7+ Ke6 57. Ra7 Ra5 58. a4 Rxa4 59. Bxc3 Rc4 60. Kd3 Rxc3+ 61. Kxe4 Rc4+ 62. Kf3 Kf5 63. Rxa6 Rxf4+ 64. Ke2 Rh4 65. g6 Rxh5 66. Ra5+ Kxg6 67. Rxh5 Kxh5 68. Kf3 Kg5 69. Ke4 Kf6 70. Kd5 Ke7 71. Ke5 Kd7 72. Kf6 Kd6 73. e4 Kd7 74. Kf7 Kd6 75. Kf6 Kd7 76. e5 Ke8 77. Ke6 Kf8 78. Kd7 Kf7 79. e6+ 1-0


[Site "https://www.chess.com"]

[Event "Titled Tuesday Blitz March 21 Late 2023"]
[White "Przybylski, Wojciech"]
[Black "Marjanovic, Annamaria"]
[WhiteFideId "1117599"]
[BlackFideId "750930"]
[WhiteElo "2222"]
[BlackElo "2212"]
[Result "1/2-1/2"]
[Round "07"]
[TimeControl "180+2"]
[Date "2023.03.21"]
[WhiteClock "0:00:21"]
[BlackClock "0:00:21"]

1. e4 e6 2. d4 d5 3. Nc3 Nf6 4. Bg5 Bb4 5. Ne2 h6 6. Be3 Nxe4 7. a3 Nxc3 8. bxc3 Bd6 9. g3 O-O 10. Qd2 Nd7 11. Bg2 Nf6 12. O-O Kh7 13. c4 c6 14. Qd3+ Kh8 15. c5 Be7 16. a4 Nh7 17. a5 Bg5 18. f4 Be7 19. Rfb1 f5 20. Bd2 Nf6 21. Be1 Ne4 22. Rb3 Bf6 23. Rab1 a6 24. Rb6 Qe8 25. Kh1 Qh5 26. Bf3 Qf7 27. Qe3 g5 28. R6b2 Rg8 29. c3 Rg7 30. Nc1 Bd8 31. Ra2 Bc7 32. Nd3 Rb8 33. Ne5 Bxe5 34. dxe5 Qe7 35. Bxe4 fxe4 36. Bd2 Bd7 37. Qd4 Be8 38. fxg5 hxg5 39. Rf1 Bh5 40. Rf6 Bf3+ 41. Kg1 Rf8 42. Rb2 Kg8 43. Be3 Qe8 44. Rf2 Rg6 45. Rxf8+ Qxf8 46. Rb2 Rg7 47. Qd2 Qf5 48. Qf2 Rf7 49. Bd4 Qh3 50. Qf1 Qh5 51. Qe1 Rh7 52. Rf2 Qe8 53. Qd2 Qd8 54. Be3 Rg7 55. h3 Qxa5 56. Bxg5 Qxc5 57. Kh2 Qc4 58. Be3 Rf7 59. Qe1 Qd3 60. Bd4 Bh5 61. g4 Rxf2+ 62. Qxf2 Bg6 63. Bc5 Qf3 64. Qxf3 exf3 65. Kg3 Be4 66. h4 Kg7 67. h5 Kh6 68. Bb6 Kg5 69. Bd8+ Kh6 70. Bb6 Kh7 71. g5 Kg7 72. Bd8 b5 73. g6 c5 74. Bf6+ Kh6 75. Be7 Bxg6 76. hxg6 Kxg6 77. Bxc5 Kf5 78. Bd6 Ke4 79. Kf2 a5 80. Bc7 a4 81. Bd6 Kf4 82. Bc5 Kxe5 83. Kxf3 Kf5 84. Ke3 e5 85. Kd3 d4 86. cxd4 exd4 87. Kxd4 Ke6 88. Kc3 Kd7 89. Ba3 Kc6 90. Kb4 Kb6 91. Bb2 Kc6 92. Bd4 Kd5 93. Bb2 Kc6 94. Bc3 Kb6 95. Ka3 Kc5 96. Bb4+ Kc4 97. Be7 Kd5 98. Bf8 Kc4 99. Bb4 Kd3 100. Bf8 Kc2 101. Bb4 Kd3 102. Bf8 Kc4 103. Be7 Kd5 104. Bf8 Kc6 105. Bb4 Kb6 106. Bf8 Ka5 107. Bb4+ Ka6 108. Be1 Kb7 109. Bd2 Kc6 110. Be1 Kd7 111. Bb4 Ke6 112. Ba5 Kd5 113. Bb4 Kc4 114. Bf8 b4+ 115. Bxb4 Kb5 116. Bc5 Kc4 117. Kxa4 1/2-1/2


[Site "https://www.chess.com"]

[Event "Titled Tuesday Blitz March 21 Late 2023"]
[White "Piriflillo"]
[Black "MKlose11"]
[WhiteElo "2431"]
[BlackElo "2580"]
[Result "1-0"]
[Round "07"]
[TimeControl "180+2"]
[Date "2023.03.21"]
[WhiteClock "0:00:01"]
[BlackClock "0:00:53"]

1. d4 Nf6 2. c4 c5 3. Nf3 cxd4 4. Nxd4 Nc6 5. Nc3 g6 6. e4 d6 7. Be2 Bd7 8. Be3 Bg7 9. O-O O-O 10. f3 a5 11. Rc1 Nxd4 12. Bxd4 Bc6 13. Nd5 Nd7 14. Bxg7 Kxg7 15. Ne3 Qb6 16. Qd2 Rfc8 17. Kh1 Kg8 18. b3 Qb4 19. Qb2 a4 20. Nc2 Qd2 21. Rfe1 axb3 22. axb3 Qg5 23. Nd4 Ra7 24. Ra1 Rca8 25. b4 Ne5 26. Rxa7 Rxa7 27. Ra1 Rxa1+ 28. Qxa1 Qd2 29. Bf1 h5 30. b5 Bd7 31. Nb3 Qf2 32. Qd1 Be6 33. Nd2 h4 34. Qe2 Qd4 35. f4 Bg4 36. Nf3 Bxf3 37. gxf3 Nd7 38. Kg2 Nc5 39. Qf2 Qf6 40. Kh3 Qxf4 41. Kg2 g5 42. h3 Kg7 43. Qb2+ f6 44. Qd4 Qg3+ 45. Kh1 Qxf3+ 46. Kg1 Qxe4 47. Qf2 Qf4 48. Qe1 Ne4 49. Bg2 f5 50. Qa1+ Qe5 51. Qe1 Qd4+ 52. Kh1 Ng3+ 53. Kh2 e5 54. Qb1 1-0


[Site "https://www.chess.com"]

[Event "Titled Tuesday Blitz March 21 Late 2023"]
[White "Poliakova, Varvara"]
[Black "Rottenwohrer Suarez, Juan"]
[WhiteFideId "13518313"]
[BlackFideId "32068182"]
[WhiteElo "2075"]
[BlackElo "2174"]
[Result "1-0"]
[Round "07"]
[TimeControl "180+2"]
[Date "2023.03.21"]
[WhiteClock "0:00:26"]
[BlackClock "0:00:03"]

1. e4 c5 2. Nf3 g6 3. d4 cxd4 4. Nxd4 Nc6 5. Nb3 Bg7 6. Nc3 Bxc3+ 7. bxc3 Nf6 8. Bd3 d5 9. exd5 Qxd5 10. O-O Bf5 11. Qe2 O-O 12. Bh6 Rfd8 13. Rad1 Qe5 14. Qxe5 Nxe5 15. Bxf5 gxf5 16. Nd4 e6 17. Bg5 Kg7 18. Nb5 Rxd1 19. Rxd1 Ne4 20. Bf4 Ng6 21. Be3 a6 22. Nc7 Rc8 23. Bb6 Nxc3 24. Rd7 Na4 25. Bd4+ e5 26. Be3 Nf8 27. Re7 Kf6 28. Nd5+ Kg6 29. Rxb7 Rxc2 30. h4 h5 31. Ne7+ Kf6 32. Bg5+ Ke6 33. Ng8 Ng6 34. Ra7 Nc5 35. Nh6 f6 36. Be3 f4 37. Bxc5 Rxc5 38. Rxa6+ Kd5 39. Nf5 Rc1+ 40. Kh2 Ke4 41. Rxf6 Nh8 42. f3+ Kd3 43. Rd6+ Ke2 44. Rd5 Ng6 45. Ne7 Nxe7 46. Rxe5+ Kf2 47. Rxe7 Rh1+ 48. Kxh1 1-0


[Site "https://www.chess.com"]

[Event "Titled Tuesday Blitz March 21 Late 2023"]
[White "Kovalevsky, Stanislav"]
[Black "Mendez Fortes, Eduardo Jesus"]
[WhiteFideId "13508598"]
[BlackFideId "3502376"]
[WhiteElo "2174"]
[BlackElo "2307"]
[Result "0-1"]
[Round "07"]
[TimeControl "180+2"]
[Date "2023.03.21"]
[WhiteClock "0:00:18"]
[BlackClock "0:01:14"]

1. c4 e6 2. e4 d5 3. exd5 exd5 4. cxd5 Nf6 5. Nc3 Be7 6. Bc4 O-O 7. Nge2 Nbd7 8. O-O Nb6 9. Bb3 Nfxd5 10. Nxd5 Nxd5 11. d4 Bf6 12. Bd2 c6 13. Rc1 Bf5 14. Bc3 Re8 15. Bc2 Bxc2 16. Qxc2 Qe7 17. Ng3 Bg5 18. Rce1 Qd7 19. h3 Bf4 20. Ne4 Bc7 21. Nc5 Qd6 22. g3 b6 23. Nd3 Qg6 24. Nb4 Qh5 25. Nxd5 Qxd5 26. Re2 Rxe2 27. Qxe2 Qxa2 28. Re1 Bd6 29. Qg4 Qd5 30. Qd7 h6 31. Re8+ Rxe8 32. Qxe8+ Kh7 33. Qd7 a5 34. Qd8 a4 35. Qxb6 Qf3 36. Qa6 Bxg3 37. fxg3 Qxg3+ 38. Kf1 Qxh3+ 39. Ke2 Qg2+ 40. Kd1 h5 41. Qxa4 h4 42. Qc2+ Qxc2+ 43. Kxc2 h3 44. d5 h2 45. dxc6 h1=Q 46. b4 Qxc6 0-1


[Site "https://www.chess.com"]